 Dungeon Crawl Stone Soup version 0.29.1-2-gbd0b4ee654 (webtiles) character file.

Game seed: 7606885715570163412

9 Zeld the Conjurer (level 2, 19/19 HPs)
             Began as a Demonspawn Conjurer on Oct 27, 2022.
             Quit the game on level 1 of the Dungeon.
             The game lasted 00:00:25 (596 turns).

Zeld the Conjurer (Demonspawn Conjurer)              Turns: 596, Time: 00:00:26

Health: 19/19      AC:  2    Str:  7    XL:     2   Next: 6%
Magic:  3/5        EV: 12    Int: 19    God:
Gold:   11         SH:  0    Dex: 11    Spells: 4/5 levels left

rFire   . . .      SeeInvis .   (no weapon)
rCold   . . .      Faith    .   (no shield)
rNeg    . . .      Spirit   .   a - +0 robe
rPois   .          Reflect  .   (no helmet)
rElec   .          Harm     .   (no cloak)
rCorr   .          Rampage  .   (no gloves)
Will    .....                   (no boots)
Stlth   ++........              (no amulet)
HPRegen 0.06/turn               (no ring)
MPRegen 0.09/turn               (no ring)

@: no status effects
A: hooves 1
a: no special abilities


You were on level 1 of the Dungeon.
You visited 1 branch of the dungeon, and saw 1 of its levels.

You collected 11 gold pieces.

Inventory:

Armour
 a - a +0 robe (worn)
Scrolls
 e - a scroll of fear {unknown}
 g - a scroll of identify {unknown}
Potions
 b - a potion of magic
 c - 2 potions of mutation {unknown}
 d - a potion of resistance {unknown}
 f - a potion of cancellation {unknown}


   Skills:
 + Level 1.9 Dodging
 + Level 2.0 Stealth
 * Level 2.2 Spellcasting
 + Level 4.1 Conjurations


You had 4 spell levels left.
You knew the following spells:

 Your Spells              Type           Power      Damage    Failure   Level
a - Magic Dart            Conj           68%        1d6       3%          1

Your spell library contained the following spells:

 Spells                   Type           Power      Damage    Failure   Level
 Searing Ray              Conj           34%        2d5       4%          2
 Dazzling Flash           Conj/Hex       18%        N/A       22%         3
 Fulminant Prism          Conj/Hex       4%         3d6       56%         4
 Iskenderun's Mystic Bla  Conj/Tloc      9%         2d4       56%         4


Dungeon Overview and Level Annotations

Branches:
Dungeon (1/15)

Altars:


Innate Abilities, Weirdness & Mutations

You have large cloven feet.


Message History

HP restored.
There is an open door here.
d - a brown potion
e - a scroll labelled WIRCHE WIHURO
f - a yellow potion You can't see any susceptible monsters within range! (Use Z to cast anyway.)
You open the door.
Found a stone staircase leading down.
You can't see any susceptible monsters within range! (Use Z to cast anyway.)
A ball python comes into view.
There is an open door here.
A ball python is nearby!
The magic dart hits the ball python.
You kill the ball python!
Your Stealth skill increases to level 2!
You have reached level 2!
Your demonic ancestry asserts itself...
Your feet thicken and deform.
g - a scroll labelled VAIZUBLIYH You can't see any susceptible monsters within range! (Use Z to cast anyway.)
A hobgoblin comes into view.
You see here 11 gold pieces.
The magic dart hits the hobgoblin but does no damage.
A hobgoblin is nearby!
The magic dart hits the hobgoblin.
The hobgoblin is severely wounded.
A hobgoblin is nearby!
The magic dart hits the hobgoblin but does no damage.
The hobgoblin is severely wounded.
A hobgoblin is nearby!
The magic dart hits the hobgoblin.
You kill the hobgoblin!
You can't see any susceptible monsters within range! (Use Z to cast anyway.)
You now have 11 gold pieces.
A giant cockroach comes into view.
The magic dart hits the giant cockroach but does no damage.
A giant cockroach is nearby!
The magic dart hits the giant cockroach.
The giant cockroach is heavily wounded.
Are you sure you want to abandon this character and quit the game? (Confirm with "yes".)

####.###.#########
...#.#...........#
...#.#.#.#######.#
...'>#.#.#######.##
...#.# #.....†....#
...#.# #..........#
..^#.# #..........#
...#.# #.........##
...#.# #######.#@#
...#.# #.#.# ...#.#
#.#.# ...# #.#B#
#### #.#.# #.#.#
#.#.# #.#.#


You could see a giant cockroach.

Vanquished Creatures
  2 bats (D:1)
  An endoplasm (D:1)
  A goblin (D:1)
  A hobgoblin (D:1)
  3 ball pythons (D:1)
8 creatures vanquished.

Notes
Turn   | Place    | Note
-------+----------+-------------------------------------------
     0 | D:1      | Zeld the Demonspawn Conjurer began the quest for the Orb.
     0 | D:1      | Reached XP level 1. HP: 13/13 MP: 3/3
   504 | D:1      | Gained mutation: You have large cloven feet. [demonic
                  | ancestry]
   504 | D:1      | Reached XP level 2. HP: 19/19 MP: 3/5
   596 | D:1      | Quit the game

Illustrated notes

Levels and vault maps discovered:
D:1:      lightli_iron_boxes, layout_basic,
          shapermc_ecumenical_altar_mp_highgroup

Skill      XL: |  1 |
---------------+----+-----
Stealth        | 2 |  2.0
Dodging        | |  1.9
Spellcasting   | |  2.2
Conjurations   | |  4.1

Action                   || total
-------------------------++-------
 Cast: Magic Dart        ||    17
Dodge: Dodged            ||     3
